Map: Dusk Towers

Players

Honor

  • Race: Zerg Zerg

A.I. 1 (Very Easy) - Winner!

  • Race: Protoss Protoss

VOD

Have the link to the VOD?

Description

Time

  • Played on: Nov. 12, 2015, 1:52 p.m.
  • Length: 2:53
Show
View Real Time Build Order
Export as new Build Order

Honor Zerg 

Build Orders: Hatch First 

Get SALT Encoding   

  12  0:01  Drone  
  13  0:08  Drone  
  14  0:15  Extractor  
  14  0:16  Drone  
  15  0:40  Hatchery  
  14  0:46  Drone, Extractor  
  15  1:00  Spawning Pool  
  14  1:07  Extractor  
  14  1:08  Extractor  
  14  1:09  Drone  
  14  1:10  Drone  
  14  1:17  Overlord  
  16  1:36  Drone x2  
  18  1:41  Drone  
  19  1:52  Queen  
  19  1:53  Queen  
  23  1:55  Drone, Zergling x2  
  25  2:03  Overlord  
  25  2:05  Drone  
  26  2:28  Drone x2  
  32  2:38  Drone x2  
Show
View Real Time Build Order
Export as new Build Order

A.I. 1 (Very Easy) Protoss - Winner!

Build Orders:  

Get SALT Encoding   

  12  0:01  Probe (Chrono Boost)  
  13  0:11  Probe (Chrono Boost)  
  14  0:19  Pylon  
  14  0:36  Assimilator  
  14  0:43  Gateway  
  14  0:47  Pylon  
  14  1:15  Assimilator  
  14  1:27  Zealot  
  14  1:28  Probe (Chrono Boost)  
  14  1:32  Cybernetics Core  
  18  1:40  Probe (Chrono Boost)  
  18  1:50  Probe (Chrono Boost)  
  20  2:01  Probe (Chrono Boost)  
  20  2:13  Probe (Chrono Boost)  
  21  2:24  Probe (Chrono Boost)  
Tags
 
Add a new tag
Caveats
  • Supply blocks, unpowered buildings, or Contaminate may cause inaccurate times.
  • Supply counts are checked every 10 seconds.